 Dungeon Crawl Stone Soup version 0.27-a0-1189-gb8eb6cee8e (webtiles) character file.

Game seed: 12757584676715379440

84 Zonian the Vandal (level 4, -2/30 HPs)
             Began as an Octopode Hunter on May 22, 2021.
             Was an Initiate of Hepliaklqana.
             Slain by a jelly (3 damage)
             ... on level 2 of the Dungeon.
             The game lasted 00:03:05 (1682 turns).

Zonian the Vandal (Octopode Hunter)                 Turns: 1682, Time: 00:03:07

Health: -2/30      AC: -3    Str: 12    XL:     4   Next: 45%
Magic:  4/4        EV: 12    Int: 13    God:    Hepliaklqana [......]
Gold:   80         SH:  3    Dex: 12    Spells: 3/3 levels left

rFire    . . .     SeeInvis .   a - +1 hunting sling
rCold    . . .     Faith    .   f - +0 buckler
rNeg     . . .     Spirit   .   (helmet restricted)
rPois    .         Reflect  .   (no amulet)
rElec    .         Harm     .   h - ring of willpower
rCorr    .         Rampage  .   (no ring)
Will     +....                  (no ring)
Stlth    +++.......             (no ring)
HPRegen  0.10/turn              (no ring)
MPRegen  0.09/turn              (no ring)
                                (no ring)
                                (no ring)

@: corroded
A: almost no armour, amphibious, 8 rings, camouflage 1, gelatinous body 1,
(nimble swimmer 1), tentacles
a: Renounce Religion


You were on level 2 of the Dungeon.
You worshipped Hepliaklqana.
Hepliaklqana was noncommittal.
You visited 1 branch of the dungeon, and saw 2 of its levels.

You collected 80 gold pieces.

Inventory:

Hand Weapons
 a - a +1 hunting sling (weapon)
 b - a +0 short sword
Missiles
 c - 15 sling bullets (quivered ammo)
 e - 45 stones (quivered)
 l - 5 atropa-tipped darts
Armour
 f - a +0 buckler (worn)
Jewellery
 h - a ring of willpower (left tentacle)
Wands
 n - a wand of paralysis (6)
Scrolls
 d - a scroll of magic mapping
 j - a scroll of teleportation {unknown}
 k - a scroll of holy word {unknown}
Potions
 g - 2 potions of brilliance {unknown}
 i - a potion of haste {unknown}
 m - 2 potions of curing {unknown}


   Skills:
 + Level 2.5 Fighting
 + Level 5.4 Slings
 + Level 2.1 Dodging
 + Level 1.4 Stealth
 * Level 0.1 Invocations


You had 3 spell levels left.
You didn't know any spells.
Your spell library was empty.

Dungeon Overview and Level Annotations

Branches:
Dungeon (2/15)

Altars:
Hepliaklqana


Innate Abilities, Weirdness & Mutations

You cannot wear most types of armour.
You are amphibious.
You can wear up to eight rings at the same time.
Your skin changes colour to match your surroundings (Stealth+).
Your rubbery body absorbs attacks. (AC +1, EV +1)
((You are camouflaged near water. (Stealth+)))
You have tentacles for arms and can constrict up to eight enemies at once.


Message History

Press: ? - help, Q - select action, (/) - cycle Shift-Dir - straight line, f/p - jelly
Aim: a jelly (moderately wounded, 90% to hit)
You shoot a stone. The stone hits the jelly.
The jelly is moderately wounded.
Unknown command.
Fire: 50 stones
Press: ? - help, Q - select action, (/) - cycle Shift-Dir - straight line, f/p - jelly
Aim: a jelly (moderately wounded, 90% to hit)
You shoot a stone. The stone hits the jelly.
The jelly is heavily wounded.
Unknown command.
Fire: 49 stones
Press: ? - help, Q - select action, (/) - cycle Shift-Dir - straight line, f/p - jelly
Aim: a jelly (heavily wounded, 90% to hit)
You shoot a stone. The stone hits the jelly.
The jelly is almost dead.
An endoplasm comes into view.
Fire: 48 stones
Press: ? - help, Q - select action, (/) - cycle Shift-Dir - straight line, f/p - jelly
Aim: a jelly (almost dead, 90% to hit)
You shoot a stone. The stone barely misses the jelly.
The endoplasm quivers.
The jelly hits you.
* * * LOW HITPOINT WARNING * * *
The acid corrodes you!
You are splashed with acid!
* * * LOW HITPOINT WARNING * * *
Fire: 47 stones
Press: ? - help, Q - select action, (/) - cycle Shift-Dir - straight line, f/p - jelly
Aim: a jelly (almost dead, 90% to hit)
You shoot a stone. The stone hits the jelly.
The jelly is almost dead.
You block the jelly's attack.
Fire: 46 stones
Press: ? - help, Q - select action, (/) - cycle Shift-Dir - straight line, f/p - jelly
Aim: a jelly (almost dead, 90% to hit)
You shoot a stone. The stone barely misses the jelly.
The stone hits the endoplasm.
The endoplasm is heavily wounded.
The jelly hits you.
You die...

.###.## ### #..# ....####*######*
#### .###..<#*.รท.(..#*########
..#.####*J...(.(##......#####
.#<## *,,,,,,#(#.......##.# .#.##
*,,,,,,#J#........'.## .#..#
*,,,,,,#(#......).'..# .##.#
*,,,,,,#J#'#....)))).# .##.#
*,,,,,,#@#.#.....##..# #
.##.####*,,,,,,#)#.#....###..## #
.......#*,,,,,,##.####### #...###
###.####********############...##
#.# ############.##.......>.. #.#
#.#...#..##..##.####...#< #.#
#.###.#..##..##.# ##.##. #.# #.#
#........##.#####.#..
#.#####.###.#.)##..............


You could see a jelly and an endoplasm.

Vanquished Creatures
  A jelly (D:2)
  A worm (D:2)
  A dart slug (D:1)
  10 endoplasms
  3 giant cockroaches
  2 goblins (D:1)
  4 hobgoblins
  9 kobolds
  A quokka (D:1)
  4 ball pythons
  6 bats
  A rat (D:2)
43 creatures vanquished.

Vanquished Creatures (others)
  11 fungi (D:2)
  6 toadstools (D:2)
17 creatures vanquished.

Grand Total: 60 creatures vanquished

Notes
Turn   | Place    | Note
-------+----------+-------------------------------------------
     0 | D:1      | Zonian the Octopode Hunter began the quest for the Orb.
     0 | D:1      | Reached XP level 1. HP: 14/14 MP: 1/1
    75 | D:1      | Reached XP level 2. HP: 19/19 MP: 2/2
   482 | D:1      | Found a faded altar of an unknown god.
   539 | D:1      | Reached XP level 3. HP: 24/24 MP: 3/3
  1008 | D:2      | Found a hazy altar of Hepliaklqana.
  1029 | D:2      | Became a worshipper of Hepliaklqana the Forgotten
  1385 | D:2      | Reached skill level 5 in Slings
  1643 | D:2      | Reached XP level 4. HP: 11/30 MP: 4/4
  1680 | D:2      | HP: 1/30 [acid (7)]
  1682 | D:2      | Slain by a jelly

Illustrated notes

Levels and vault maps discovered:
D:1:      zelgadis_glass_arrival_small, layout_rooms,
          shapermc_ecumenical_altar_flowoftime
D:2:      cheibrodos_fertilizer, layout_loops_ring, basic_altar

Skill      XL: |  1  2  3 |
---------------+----------+-----
Slings         | 5 |  5.4
Fighting       | |  2.5
Dodging        | |  2.1
Stealth        | |  1.4
Invocations    | |  0.1

Action                   |  1- 3 |  4- 6 || total
-------------------------+-------+-------++-------
 Fire: Hunting sling     |   104 |    16 ||   120
  Use: Scroll            |     2 |       ||     2
Armor: Skin              |     6 |       ||     6
Dodge: Dodged            |     9 |       ||     9
Block: Buckler           |     3 |     1 ||     4

Table legend: (Time is in decaauts)
 A = Elapsed time spent in this place.
 B = Non-inter-level travel time spent in this place.
 C = Inter-level travel time spent in this place.
 D = Time resting spent in this place.
 E = Time spent auto-exploring this place.
 F = Levels seen in this place.
 G = Mean time per level.
                   A        B        C        D        E       F      G
               +--------+--------+--------+--------+--------+-----+--------+
         Total |   1685 |   1675 |     10 |    225 |   1201 |   2 |  842.5 |
       Dungeon |   1685 |   1675 |     10 |    225 |   1201 |   2 |  842.5 |
               +--------+--------+--------+--------+--------+-----+--------+

Top non-repeatable levels by time:
     D:2: 927 daAuts
     D:1: 758 daAuts
